 Dungeon Crawl Stone Soup version 0.25-a0-294-gea9b1ad378 (webtiles) character file.

Game seed: 10782772339164446576, levelgen mode: classic

245 Borgoz the Covered (level 6, -4/37 HPs)
             Began as a Gargoyle Berserker on Dec 19, 2019.
             Was a Believer of Trog.
             Slain by an ogre
             ... wielding a +0 giant club
              (11 damage)
             ... on level 4 of the Dungeon.
             The game lasted 00:04:18 (2841 turns).

Borgoz the Covered (Gargoyle Berserker)             Turns: 2841, Time: 00:04:19

Health: -4/37      AC: 11    Str: 20    XL:     6   Next: 10%
Magic:  6/6        EV: 17    Int:  8    God:    Trog [**....]
Gold:   184        SH:  0    Dex: 16    Spells: 5/5 levels left

rFire    . . .     SeeInvis .   a - +0 falchion
rCold    . . .     Gourm    .   (no shield)
rNeg     + . .     Faith    .   d - +0 ring mail
rPois    ∞         Spirit   .   i - +0 helmet (curse)
rElec    +         Reflect  .   (no cloak)
rCorr    .         Harm     .   (no gloves)
MR       .....                  (no boots)
Stlth    ++........             (no amulet)
HPRegen  0.12/turn              (no ring)
MPRegen  0.10/turn              (no ring)

@: agile, berserk cooldown, slowed, very slow
A: negative energy resistance 1, electricity resistance, unbreathing,
petrification resistance, rot immunity, AC +4
a: Berserk, Trog's Hand, Renounce Religion


You were on level 4 of the Dungeon.
You worshipped Trog.
Trog was pleased with you.
You were not hungry.

You visited 1 branch of the dungeon, and saw 4 of its levels.

You collected 184 gold pieces.

Inventory:

Hand Weapons
 a - a +0 falchion (weapon)
Armour
 d - a +0 ring mail (worn)
 i - a cursed +0 helmet (worn)
Jewellery
 r - an uncursed amulet of regeneration
Scrolls
 e - a scroll of teleportation {unknown}
 h - 4 scrolls of identify {unknown}
 l - a scroll of enchant weapon {unknown}
 m - a scroll of amnesia {unknown}
 n - a scroll of blinking {unknown}
 o - a scroll of magic mapping {unknown}
 q - a scroll of immolation {unknown}
 s - a scroll of fear {unknown}
Potions
 b - a potion of agility
 f - a potion of resistance {unknown}
 g - a potion of cancellation {unknown}
 k - a potion of degeneration {unknown}
 p - a potion of lignification {unknown}
Comestibles
 c - 5 rations
 j - 8 chunks of flesh


   Skills:
 - Level 3.2 Fighting
 + Level 4.1 Long Blades
 + Level 4.3 Armour
 + Level 3.1 Dodging


You had 5 spell levels left.
You didn't know any spells.
Your spell library was empty.

Dungeon Overview and Level Annotations

Branches:
Dungeon (4/15)
 Temple: D:4-7

Altars:
Elyvilon
Kikubaaqudgha
Wu Jian


Innate Abilities, Weirdness & Mutations

You are resistant to torment.
Your stone body is resilient. (AC +4)
You are immune to poison.
You resist negative energy. (rN+)
You are resistant to electric shocks. (rElec)
You can survive without breathing.
You are immune to petrification.
You are immune to rotting.


Message History

Items here: ( )) [ ÷ a +0 short sword; 19 stones; a +0 whip; a +0 scale mail; an orc skeleton You start resting.
Eating one of 9 chunks of flesh.
You eat one of the 9 chunks of flesh.
This raw flesh tastes terrible.
An ogre comes into view. It is wielding a +0 giant club.
The ogre shouts!
You hit the ogre.
The ogre is lightly wounded.
The ogre closely misses you.
You barely miss the ogre.
The ogre is lightly wounded.
The ogre hits you with a +0 giant club.
The ogre hits you with a +0 giant club!!
Ouch! That really hurt!
* * * LOW HITPOINT WARNING * * *
You aren't carrying any items that you can evoke.
It was a potion of agility.
You feel agile all of a sudden. The ogre hits you with a +0 giant club!
You die...

...#...... ...+
...#.....##...#
..............#8
................
.................
...............8.
...............#
.......))).....#
.......@(....### ...
!......O.....# ....
####.......### ....
#.......# ...
#....(..# #.
#.......# #.
#.......# #.
#.......#######+####.
#.......†..........#.


You could see an ogre.

Vanquished Creatures
  A howler monkey (D:4)
  An orc wizard (D:4)
  3 gnolls (D:2)
  6 adders
  2 oozes
  2 worms
  A dart slug (D:1)
  3 leopard geckos
  7 orcs
  2 ball pythons
  5 bats
  3 giant cockroaches
  5 goblins
  4 hobgoblins
  7 jackals
  2 quokkas (D:4)
  9 frilled lizards
  3 kobolds
  2 leopard gecko skeletons
  8 rats
76 creatures vanquished.

Notes
Turn   | Place    | Note
-------+----------+-------------------------------------------
     0 | D:1      | Borgoz the Gargoyle Berserker began the quest for the Orb.
     0 | D:1      | Reached XP level 1. HP: 14/14 MP: 1/1
   195 | D:1      | Reached XP level 2. HP: 19/19 MP: 2/2
   542 | D:1      | Reached XP level 3. HP: 19/23 MP: 3/3
   851 | D:1      | Reached ** piety under Trog
  1234 | D:2      | Reached XP level 4. HP: 25/28 MP: 4/4
  1883 | D:3      | Reached XP level 5. HP: 32/32 MP: 5/5
  2442 | D:3      | Found an ancient bone altar of Kikubaaqudgha.
  2443 | D:3      | Found a white marble altar of Elyvilon.
  2444 | D:3      | Found an ornate altar of the Wu Jian Council.
  2809 | D:4      | Reached XP level 6. HP: 37/37 MP: 6/6
  2841 | D:4      | Slain by an ogre

Levels and vault maps discovered:
D:1:      psy_arrival_radial01, layout_basic, serial_park_tiny_1,
          minmay_lizard_king
D:2:      layout_loops_cross
D:3:      layout_loops_ring, chequers_temple_overflow_statue_of_worship,
          chequers_serial_rivers_marsh, kennysheep_generic_room_3
D:4:      layout_basic, minitemple, minmay_temple_entry_offerings, first_ration

Skill      XL: |  1  2  3  4  5 |
---------------+----------------+-----
Long Blades    | 3 4 |  4.1
Dodging        | 2 3 |  3.1
Armour         | 3 4 |  4.3
Fighting       | |  3.2

Action                   |  1- 3 |  4- 6 || total
-------------------------+-------+-------++-------
Melee: Falchion          |   119 |   169 ||   288
Invok: Berserk           |     1 |     3 ||     4
       Trog's Hand       |       |     1 ||     1
  Use: Potion            |       |     1 ||     1
  Eat: Chunk             |     2 |     9 ||    11
Armor: Animal skin       |    36 |       ||    36
       Ring mail         |    17 |    72 ||    89
Dodge: Dodged            |    89 |   122 ||   211
       Rpst.: Falchion   |    25 |    46 ||    71

Table legend:
 A = Non-vault XP
 B = Vault XP
 C = Vault XP percentage of total XP
 D = Non-vault monster count
 E = Vault monster count
 F = Vault count percentage of total count
                 A         B        C        D         E       F
            +---------+---------+-------+---------+---------+-------
      Total |     328 |      23 |   6.6 |      67 |       9 |  11.8
            +---------+---------+-------+---------+---------+-------
        D:1 |      40 |      10 |  20.0 |      23 |       8 |  25.8
        D:2 |      94 |       0 |   0.0 |      14 |       0 |   0.0
        D:3 |      65 |      13 |  16.7 |      18 |       1 |   5.3
        D:4 |     129 |       0 |   0.0 |      12 |       0 |   0.0
            +---------+---------+-------+---------+---------+-------
